 Dungeon Sprint DCSS version 0.32-a0-876-gcfddb08e57 (webtiles) character file.

Game seed: 18203107636953229019

3300000 Griffin23 the Ex Machina (level 22, -8/212 HPs)
             Began as a Formicid Artificer on Apr 1, 2024.
             Mangled by a meat berserker
             ... wielding a +9 battleaxe
              (64 damage)
             ... in the Dungeon (Sprint VIII: "Arena of Blood").
             The game lasted 00:02:16 (33 turns).

Griffin23 the Ex Machina (Formicid Artificer)         Turns: 33, Time: 00:02:16

Health: -8/212     AC:  6    Str: 25    XL:     22   Next: 75%
Magic:  20/37      EV: 25    Int: 14    God:
Gold:   0          SH:  0    Dex: 14    Spells: 43/43 levels left

rFire   . . .        i - +∞ Axe of Woe
rCold   . . .        (no shield)
rNeg    . . .        b - +0 leather armour
rPois   .            (helmet unavailable)
rElec   .            (no cloak)
rCorr   .            (no gloves)
SInv    +            (no boots)
Will    ++...        (no amulet)
Stlth   +++++++++    (no ring)
HPRegen 0.55/turn    (no ring)
MPRegen 0.25/turn

%: no passive effects
@: no status effects
A: permanent stasis, dig shafts and tunnels, antennae 3, four strong arms
a: Dig


You were in the Dungeon.
You visited 1 branch

Inventory:

Hand Weapons
 a - a +0 club
 i - the +∞ Axe of Woe (weapon)
   (You found it in the Dungeon)
Armour
 b - a +0 leather armour (worn)
Wands
 c - a wand of flame (15) (quivered)
 d - a wand of charming (15)
 e - a wand of iceblast (5)
Potions
 f - a potion of curing
 g - a potion of heal wounds
 h - 2 potions of magic


   Skills:
 O Level 27 Fighting
 + Level 12.6(14.4) Short Blades
 + Level 11.4(13.8) Long Blades
 O Level 27 Axes
 + Level 11.4(21.7) Maces & Flails
 + Level 11.4(21.7) Polearms
 + Level 11.4(15.0) Staves
 + Level 11.4 Ranged Weapons
 + Level 11.4 Throwing
 O Level 27 Armour
 O Level 27 Dodging
 O Level 27 Stealth
 + Level 14.5 Shields
 + Level 11.4 Unarmed Combat
 + Level 11.4 Spellcasting
 + Level 10.4 Conjurations
 + Level 14.9 Hexes
 + Level 12.6 Summonings
 + Level 12.6 Necromancy
 + Level 11.6 Translocations
 + Level 12.6 Fire Magic
 + Level 12.6 Ice Magic
 + Level 10.7 Air Magic
 + Level 14.9 Earth Magic
 + Level 16.1 Alchemy
 + Level 14.9 Invocations
 O Level 27 Evocations
 + Level 12.6 Shapeshifting


You had 43 spell levels left.
You didn't know any spells.
Your spell library was empty.

Dungeon Overview and Level Annotations

Branches:
Dungeon (1/1)

Altars:
Makhleb


Innate Abilities, Weirdness & Mutations

You cannot be hasted, slowed, berserked, paralysed or teleported.
You can dig through walls and to a lower floor.
You have a pair of large antennae on your head. (SInv)
Your four strong arms can wield two-handed weapons with a shield.


Message History

You are engulfed in blazing flames.
* * * LOW HITPOINT WARNING * * *
You hear a shout!
The meat berserker is engulfed in blazing flames.
A large bag of meat comes into view. It is wielding a +9 giant spiked club.
A bag of meat comes into view. It is wielding a +9 war axe. x3
Your base Short Blades skill increases to level 12!
Your base Long Blades skill increases to level 11!
Your base Maces & Flails skill increases to level 11!
Your base Polearms skill increases to level 11!
Your base Staves skill increases to level 11!
Your Ranged Weapons skill increases to level 11!
Your Throwing skill increases to level 11!
Your Shields skill increases to level 14!
Your Unarmed Combat skill increases to level 11!
Your Spellcasting skill increases to level 11!
Your Conjurations skill increases to level 10!
Your Hexes skill increases to level 14!
Your Summonings skill increases to level 12!
Your Necromancy skill increases to level 12!
Your Translocations skill increases to level 11!
Your Fire Magic skill increases to level 12!
Your Ice Magic skill increases to level 12!
Your Air Magic skill increases to level 10!
Your Earth Magic skill increases to level 14!
Your Alchemy skill gained 2 levels and is now at level 16!
Your Invocations skill increases to level 14!
Your Shapeshifting skill increases to level 12!
Unknown command.
A sculptor of flesh and 4 bags of meat come into view.
The bag of meat shouts!
You hear a shout!
The meat berserker is engulfed in blazing flames.
The meat berserker rages.
The meat berserker is engulfed in blazing flames.
A meat berserker comes into view. It is wielding a +9 battleaxe.
The bag of meat is engulfed in blazing flames.
A bag of meat comes into view. It is wielding a +9 war axe. x2
The meat berserker is engulfed in blazing flames.
The meat berserker hits you with a +9 battleaxe!!!
You die...

.Ooo.....o
.Vo.......
,.......o.o
ooo.o...z{
#.o.....#, #.. ,
#..oo...#
..O.###O......###.
.oo.O.o@O###......
o#..o.oO§§o§§....
.o....o#°o§).#..,
.......#_)§§§#
.......#.)))o#,,
.#........_.....,
.........###......
....###... ,..###.
, #... ,..# ,


You could see a destroyer, a sculptor of flesh (wandering), 2 large bags of
meat, 4 meat berserkers and 24 bags of meat.

Vanquished Creatures
  3 vampire knights (D)
  13 ogres (D)
  2 two-headed ogres (D)
  21 orcs (D)
39 creatures vanquished.

Notes
Turn   | Place    | Note
-------+----------+-------------------------------------------
     0 | D        | Found the +∞ Axe of Woe
     0 | D        | Griffin23 the Formicid Artificer began the quest for the
                  | Orb.
     0 | D        | Reached XP level 1. HP: 15/15 MP: 1/1
     2 | D        | Noticed a bag of meat
     3 | D        | Noticed a bag of meat
     3 | D        | Noticed a bag of meat
     4 | D        | Noticed a meat berserker
     4 | D        | Noticed a bag of meat
     6 | D        | Killed a bag of meat
     6 | D        | Noticed a meat berserker
     6 | D        | Noticed a bag of meat
     7 | D        | Reached skill level 5 in Fighting
     7 | D        | Reached XP level 2. HP: 27/27 MP: 2/2
     7 | D        | Reached XP level 3. HP: 33/33 MP: 3/3
     7 | D        | Reached XP level 4. HP: 39/39 MP: 4/4
     7 | D        | Reached XP level 5. HP: 44/44 MP: 5/5
     7 | D        | Reached XP level 6. HP: 51/51 MP: 6/6
     7 | D        | Reached XP level 7. HP: 56/56 MP: 7/7
     7 | D        | Reached XP level 8. HP: 62/62 MP: 8/8
     7 | D        | Reached XP level 9. HP: 68/68 MP: 9/9
     7 | D        | Reached XP level 10. HP: 74/74 MP: 10/10
     7 | D        | Reached XP level 11. HP: 79/79 MP: 11/11
     8 | D        | Killed a meat berserker
     8 | D        | Killed a bag of meat
     8 | D        | Noticed a bag of meat
     9 | D        | Reached skill level 27 in Evocations
     9 | D        | Reached XP level 12. HP: 83/94 MP: 12/12
     9 | D        | Reached XP level 13. HP: 87/99 MP: 13/13
     9 | D        | Killed a bag of meat
     9 | D        | Noticed a meat berserker
    10 | D        | Reached XP level 14. HP: 79/108 MP: 14/14
    10 | D        | Noticed a meat berserker
    10 | D        | Killed a meat berserker
    10 | D        | Killed a meat berserker
    10 | D        | Noticed a meat berserker
    11 | D        | Reached XP level 15. HP: 90/122 MP: 15/15
    11 | D        | Killed a meat berserker
    12 | D        | Reached skill level 27 in Armour
    12 | D        | Reached skill level 10 in Dodging
    12 | D        | Reached XP level 16. HP: 100/134 MP: 16/16
    13 | D        | Reached skill level 15 in Fighting
    13 | D        | Killed a meat berserker
    13 | D        | Noticed a meat berserker
    14 | D        | Noticed a meat berserker
    15 | D        | Noticed a meat berserker
    16 | D        | Reached skill level 10 in Stealth
    16 | D        | Reached XP level 17. HP: 112/149 MP: 17/17
    16 | D        | Noticed a meat berserker
    16 | D        | Noticed a meat berserker
    17 | D        | Noticed a meat berserker
    18 | D        | Noticed a destroyer
    18 | D        | Killed a meat berserker
    18 | D        | Noticed a large bag of meat
    18 | D        | Noticed a large bag of meat
    19 | D        | Reached skill level 27 in Axes
    19 | D        | Killed a meat berserker
    19 | D        | Noticed a meat berserker
    20 | D        | Reached skill level 15 in Stealth
    20 | D        | Reached XP level 18. HP: 137/180 MP: 18/18
    21 | D        | Reached skill level 27 in Fighting
    21 | D        | Killed a meat berserker
    21 | D        | Killed a meat berserker
    22 | D        | Reached XP level 19. HP: 145/189 MP: 19/19
    22 | D        | Killed a meat berserker
    23 | D        | Killed a meat berserker
    23 | D        | Noticed a meat berserker
    24 | D        | Reached skill level 27 in Dodging
    24 | D        | Reached skill level 27 in Stealth
    24 | D        | Noticed a meat berserker
    25 | D        | Killed a destroyer
    26 | D        | Reached skill level 5 in Long Blades
    26 | D        | Reached skill level 5 in Maces & Flails
    26 | D        | Reached skill level 5 in Polearms
    26 | D        | Reached skill level 5 in Staves
    26 | D        | Reached skill level 5 in Ranged Weapons
    26 | D        | Reached skill level 5 in Throwing
    26 | D        | Reached skill level 5 in Unarmed Combat
    26 | D        | Reached skill level 5 in Spellcasting
    26 | D        | Reached skill level 5 in Conjurations
    26 | D        | Reached skill level 5 in Air Magic
    26 | D        | Reached XP level 20. HP: 153/197 MP: 19/28
    26 | D        | Killed a meat berserker
    26 | D        | Killed a large bag of meat
    26 | D        | Noticed a destroyer
    27 | D        | Reached skill level 10 in Alchemy
    27 | D        | Reached XP level 21. HP: 106/204 MP: 19/31
    27 | D        | Noticed a meat berserker
    28 | D        | Noticed a destroyer
    28 | D        | Noticed a large bag of meat
    29 | D        | Killed a large bag of meat
    30 | D        | Killed a destroyer
    31 | D        | Reached skill level 10 in Short Blades
    31 | D        | Reached skill level 10 in Summonings
    31 | D        | Reached skill level 10 in Necromancy
    31 | D        | Reached skill level 10 in Translocations
    31 | D        | Reached skill level 10 in Fire Magic
    31 | D        | Reached skill level 10 in Ice Magic
    31 | D        | Reached skill level 10 in Shapeshifting
    31 | D        | Killed a meat berserker
    31 | D        | Noticed a meat berserker
    32 | D        | Reached skill level 10 in Long Blades
    32 | D        | Reached skill level 10 in Maces & Flails
    32 | D        | Reached skill level 10 in Polearms
    32 | D        | Reached skill level 10 in Staves
    32 | D        | Reached skill level 10 in Ranged Weapons
    32 | D        | Reached skill level 10 in Throwing
    32 | D        | Reached skill level 10 in Unarmed Combat
    32 | D        | Reached skill level 10 in Spellcasting
    32 | D        | Reached XP level 22. HP: 58/212 MP: 20/36
    32 | D        | Noticed a destroyer
    32 | D        | Killed a destroyer
    32 | D        | Noticed a large bag of meat
    33 | D        | Reached skill level 10 in Conjurations
    33 | D        | Reached skill level 10 in Air Magic
    33 | D        | Noticed a meat berserker
    33 | D        | Mangled by a meat berserker

Illustrated notes

Levels and vault maps discovered:
D:        meatsprint

Skill      XL: |  1  2  3  4  5  6  7  8  9 10 11 12 13 14 15 16 17 18 19 20 21 22 |
---------------+-------------------------------------------------------------------+-----
Fighting       | 5 8 9 12 14 17 26 27 | 27.0
Axes           | 4 11 12 18 21 26 27 | 27.0
Armour         | 12 19 21 25 27 | 27.0
Dodging        | 4 6 7 9 10 12 16 24 27 | 27.0
Stealth        | 3 4 6 8 10 15 23 27 | 27.0
Evocations     | 23 27 | 27.0
Short Blades   | 6 8 11 12 | 12.6
Long Blades    | 5 7 10 11 | 11.4
Maces & Flails | 5 7 10 11 | 11.4
Polearms       | 5 7 10 11 | 11.4
Staves         | 5 7 10 11 | 11.4
Ranged Weapons | 5 7 10 11 | 11.4
Throwing       | 5 7 10 11 | 11.4
Shields        | 7 9 13 14 | 14.5
Unarmed Combat | 5 7 10 11 | 11.4
Spellcasting   | 5 7 10 11 | 11.4
Conjurations   | 5 6 9 10 | 10.4
Hexes          | 7 9 13 14 | 14.9
Summonings     | 6 8 11 12 | 12.6
Necromancy     | 6 8 11 12 | 12.6
Translocations | 6 7 10 11 | 11.6
Fire Magic     | 6 8 11 12 | 12.6
Ice Magic      | 6 8 11 12 | 12.6
Air Magic      | 5 6 9 10 | 10.7
Earth Magic    | 7 9 13 14 | 14.9
Alchemy        | 8 10 14 16 | 16.1
Invocations    | 7 9 13 14 | 14.9
Shapeshifting  | 6 8 11 12 | 12.6

Action                     |  1- 3 |  4- 6 |  7- 9 | 10-12 | 13-15 | 16-18 | 19-21 | 22-24 || total
---------------------------+-------+-------+-------+-------+-------+-------+-------+-------++-------
  Melee: Executioner's axe |     1 |       |       |     1 |     3 |     7 |     7 |     1 ||    20
 Armour: Leather armour    |       |       |       |     1 |     1 |       |     6 |     2 ||    10
  Dodge: Dodged            |       |       |       |       |       |     1 |       |       ||     1

Table legend: (Time is in decaauts)
 A = Elapsed time spent in this place.
 B = Non-inter-level travel time spent in this place.
 C = Inter-level travel time spent in this place.
 D = Time resting spent in this place.
 E = Time spent auto-exploring this place.
 F = Levels seen in this place.
 G = Mean time per level.
                   A        B        C        D        E       F      G
               +--------+--------+--------+--------+--------+-----+--------+
         Total |     30 |     30 |      0 |      0 |      0 |   1 |   30.0 |
       Dungeon |     30 |     30 |      0 |      0 |      0 |   1 |   30.0 |
               +--------+--------+--------+--------+--------+-----+--------+

Top non-repeatable levels by time:
       D: 30 daAuts
